 Dungeon Crawl Stone Soup version 0.23.2-1-ga50397a (webtiles) character file.

Game seed: 17217859445246971917

67 goulibeur the Unweaver (level 4, 0/35 HPs)
             Began as a Demonspawn Abyssal Knight on May 19, 2019.
             Was a Follower of Lugonu.
             Slain by Purgy (3 damage)
             ... on level 3 of the Dungeon.
             The game lasted 00:22:41 (3006 turns).

goulibeur the Unweaver (Demonspawn Abyssal Knight)  Turns: 3006, Time: 00:22:42

Health: 0/35       AC: 11    Str: 12    XL:     4   Next: 0%
Magic:  7/7        EV:  8    Int: 19    God:    Lugonu [*.....]
Gold:   104        SH: 11    Dex: 13    Spells: 3/3 levels left

rFire    . . .     SeeInvis .   a - +1 short sword
rCold    + . .     Gourm    .   q - +0 shield
rNeg     . . .     Faith    .   m - +0 ring mail
rPois    .         Spirit   .   (no helmet)
rElec    .         Reflect  .   f - +0 cloak
rCorr    .         Harm     .   r - +2 pair of gloves
MR       .....                  (no boots)
Stlth    ++........             (no amulet)
HPRegen  0.11/turn              o - +2 ring of protection
MPRegen  0.10/turn              (no ring)

@: brilliant
A: large bone plates 1, cold resistance 1, nightstalker 1
a: Depart the Abyss, Renounce Religion


You were on level 3 of the Dungeon.
You worshipped Lugonu.
Lugonu was aware of your devotion.
You were very hungry.

You visited 1 branch of the dungeon, and saw 3 of its levels.
You visited the Abyss 1 time.

You collected 104 gold pieces.

Inventory:

Hand Weapons
 a - a +1 short sword (weapon)
Armour
 b - a +0 leather armour
 f - a +0 cloak (worn)
 m - a +0 ring mail (worn)
 q - a +0 shield (worn)
 r - a +2 pair of gloves (worn)
Jewellery
 o - a +2 ring of protection (left hand)
Scrolls
 e - a scroll of enchant armour
 l - a scroll of fear {unknown}
 n - a scroll of enchant weapon {unknown}
Potions
 g - 2 potions of lignification
Comestibles
 c - 5 rations


   Skills:
 + Level 3.4 Fighting
 - Level 1.7 Short Blades
 + Level 2.2 Armour
 + Level 1.5 Dodging
 * Level 0.4 Shields
 * Level 4.0 Invocations


You had 3 spell levels left.
You didn't know any spells.
Your spell library was empty.

Dungeon Overview and Level Annotations

Branches:
Dungeon (3/15)

Altars:
Yredelemnul

Annotations:
D:3 Purgy, Terence


Innate Abilities, Weirdness & Mutations

You are partially covered in large bone plates. (SH +4)
Your flesh is cold resistant. (rC+)
You are slightly more attuned to the shadows.


Message History

Purgy bites you but does no damage. Purgy completely misses you.
Purgy claws you but does no damage. Purgy bites you but does no damage.
You block Purgy's attack. Purgy claws you but does no damage.
You hit Purgy.
Purgy is heavily wounded.
Purgy bites you but does no damage. Purgy claws you but does no damage.
You block Purgy's attack.
Your shield and ring mail prevent you from hitting Purgy.
Purgy is heavily wounded.
You block Purgy's attack. Purgy claws you.
* * * LOW HITPOINT WARNING * * *
Purgy claws you.
* * * LOW HITPOINT WARNING * * *
You puncture Purgy!
Purgy is severely wounded.
Purgy bites you but does no damage. You block Purgy's attack. x2
You closely miss Purgy.
Purgy is severely wounded.
Purgy bites you.
You die...

##.##########
........@T..#
.#.########.#
#.# ..#....
#######.#
..#(...
.......T#
.......
........#
.......#.#
#######.#
....#..#. #.#
....##.#. #.#


You could see Purgy.

Vanquished Creatures
  An adder (D:3)
  An ooze (D:3)
  A dart slug (D:1)
  A leopard gecko (D:2)
  9 bats
  A giant cockroach (D:1)
  9 goblins
  3 hobgoblins
  2 jackals (D:2)
  10 kobolds
  A quokka (D:2)
  3 frilled lizards
  5 rats
47 creatures vanquished.

Notes
Turn   | Place    | Note
-------+----------+-------------------------------------------
     0 | Abyss:1  | goulibeur the Demonspawn Abyssal Knight began the quest for
                  | the Orb.
     0 | Abyss:1  | Reached XP level 1. HP: 18/18 MP: 2/2
    32 | Abyss:1  | Found a corrupted altar of Lugonu.
    62 | Abyss:1  | Noticed an iron imp
    63 | D:1      | Escaped the Abyss
    86 | D:1      | Reached skill level 1 in Dodging
   218 | D:1      | Gained mutation: You are partially covered in large bone
                  | plates. (SH +4) [demonic ancestry]
   218 | D:1      | Reached XP level 2. HP: 16/24 MP: 4/4
   226 | D:1      | Reached * piety under Lugonu
   474 | D:1      | Reached skill level 3 in Invocations
  1630 | D:2      | Gained mutation: Your flesh is cold resistant. (rC+)
                  | [demonic ancestry]
  1630 | D:2      | Reached XP level 3. HP: 28/29 MP: 5/5
  2195 | D:2      | Found a basalt altar of Yredelemnul.
  2292 | D:3      | Noticed Purgy
  2319 | D:3      | Noticed Terence
  2797 | D:3      | Reached skill level 4 in Invocations
  2903 | D:3      | Gained mutation: You are slightly more attuned to the
                  | shadows. [demonic ancestry]
  2903 | D:3      | Reached XP level 4. HP: 35/35 MP: 7/7
  2960 | D:3      | HP: 2/52 [Purgy (1)]
  3006 | D:3      | Slain by Purgy

Skill      XL: |  1  2  3 |
---------------+----------+-----
Dodging        | 1 |  1.5
Armour         | 2 |  2.2
Invocations    | 3 4 |  4.0
Fighting       | |  3.4
Short Blades   | |  1.7
Shields        | |  0.4

Action                   |  1- 3 |  4- 6 || total
-------------------------+-------+-------++-------
Melee: Short sword       |   193 |    96 ||   289
Invok: Depart the Abyss  |     1 |       ||     1
  Use: Scroll            |     4 |       ||     4
       Potion            |       |     6 ||     6
 Stab: Sleeping          |     2 |       ||     2
  Eat: Chunk             |     6 |       ||     6
Armor: Leather armour    |    32 |       ||    32
       Ring mail         |    26 |    68 ||    94
       Skin              |       |    75 ||    75
Dodge: Dodged            |   108 |    35 ||   143
Block: Other             |    33 |       ||    33
       Shield            |    17 |   122 ||   139
